 Dungeon Crawl Stone Soup version 0.18.1-48-g4cf74bf (webtiles) character file.

42 dvd the Caller (level 3, 0/19 HPs)
             Began as a Deep Elf Summoner on Aug 1, 2016.
             Slain by a gnoll
             ... wielding a +0 club
              (5 damage)
             ... on level 2 of the Dungeon.
             The game lasted 00:06:13 (1698 turns).

dvd the Caller (Deep Elf Summoner)                  Turns: 1698, Time: 00:06:13

Health: 0/19       AC:  4    Str:  5    XL:     3   Next: 33%
Magic:  10/10      EV: 13    Int: 20    God:
Gold:   111        SH:  0    Dex: 15    Spells: 3 memorised, 4 levels left

rFire  . . .     SeeInvis .     j - +2 dagger (vamp)
rCold  . . .     Gourm    .     a - +0 robe
rNeg   . . .     Faith    .     (no shield)
rPois  .         Spirit   .     l - +0 helmet
rElec  .         Dismiss  .     (no cloak)
rCorr  .         Reflect  .     (no gloves)
SustAt .         Harm     .     d - +0 pair of boots
MR     .....                    (no amulet)
Stlth  ++........               (no ring)
                                (no ring)

@: not resistant to hostile enchantments, unstealthy
A: no striking features
a: no special abilities


You were on level 2 of the Dungeon.
You were not hungry.

You visited 1 branch of the dungeon, and saw 3 of its levels.

You collected 111 gold pieces.

Inventory:

Hand Weapons
 j - a +2 vampiric dagger (weapon)
 n - a +1 dagger of venom
Armour
 a - a +0 robe (worn)
 d - a +0 pair of boots (worn)
 l - a +0 helmet (worn)
Scrolls
 e - 2 scrolls of teleportation {unknown}
 g - a scroll of noise {unknown}
 h - 2 scrolls of enchant weapon {unknown}
 k - a scroll of enchant armour {unknown}
 m - a scroll of immolation {unknown}
 o - a scroll of identify {unknown}
 r - a scroll of amnesia {unknown}
 s - a scroll of remove curse {unknown}
Potions
 p - 2 potions of berserk rage {unknown}
Books
 b - a book of Callings

   Spells                             Type                      Level
   a - Summon Small Mammal            Summoning                    1
   b - Call Imp                       Summoning                    2
   c - Call Canine Familiar           Summoning                    3
   d - Summon Guardian Golem          Hexes/Summoning              3
   e - Summon Lightning Spire         Summoning/Air                4
   f - Summon Ice Beast               Ice/Summoning                4
Comestibles
 c - a bread ration
 f - a beef jerky
 i - a meat ration


   Skills:
 + Level 2.8 Dodging
 + Level 2.6 Stealth
 + Level 4.0 Spellcasting
 * Level 4.9 Summonings


You had 4 spell levels left.
You knew the following spells:

 Your Spells              Type           Power        Failure   Level  Hunger
a - Summon Small Mammal   Summ           ###.         1%          1    None
b - Call Imp              Summ           ###.....     2%          2    #......
c - Call Canine Familiar  Summ           ###.....     8%          3    ###....


Dungeon Overview and Level Annotations

Branches:
Dungeon (3/15)

Altars:


Message History

The crimson imp hits you. The gnoll closely misses you.
You climb upwards.
There is a stone staircase leading down here.
Unknown command.
You hit the crimson imp.
The crimson imp is moderately wounded.
The gnoll misses you. The gnoll closely misses you. The gnoll hits you.
* * * LOW HITPOINT WARNING * * *
The crimson imp blinks!
Unknown command.
The crimson imp barely misses you.
The crimson imp hits you but does no damage.
The crimson imp spits at you.
Casting: Call Imp
Confirm with . or Enter, or press ? or * to list all spells.
Okay, then.
You hit the gnoll but do no damage.
The gnoll is severely wounded.
The gnoll hits you with a club.
You die...

###############
##.............##### ##
######...##########.#...## ##.
#......#........@g5#.....######..
#.####...##########.........>....
#.# ##.## #...>..#####... #.# #.#
#.#...## #... #.# ###.#########
#g######## ##.. #.#
#..)........###>####...## ##. #.#
#.#.###.........รท.......## ##
#.# #.#.............##.......####
#.###.#####.###.######...........


You could see a gnoll and a crimson imp.

Vanquished Creatures
  A ball python (D:2)
  A giant cockroach (D:1)
  4 goblins (D:2)
  2 hobgoblins
  A giant newt (D:2)
  3 kobolds
  2 rats (D:2)
14 creatures vanquished.

Vanquished Creatures (collateral kills)
  Robin (D:2)
  2 dart slugs (D:2)
  A giant cockroach (D:1)
  6 goblins (D:2)
  6 hobgoblins
  2 jackals (D:2)
  3 kobolds (D:1)
  3 bats (D:1)
  2 rats (D:1)
26 creatures vanquished.

Grand Total: 40 creatures vanquished

Notes
Turn   | Place    | Note
--------------------------------------------------------------
     0 | D:1      | dvd the Deep Elf Summoner began the quest for the Orb.
     0 | D:1      | Reached XP level 1. HP: 10/10 MP: 6/6
   588 | D:1      | Reached XP level 2. HP: 15/15 MP: 6/8
   684 | D:1      | Learned a level 2 spell: Call Imp
  1050 | D:2      | Noticed Robin
  1071 | D:2      | Killed Robin
  1072 | D:2      | Reached XP level 3. HP: 12/19 MP: 2/10
  1421 | D:2      | Learned a level 3 spell: Call Canine Familiar
  1698 | D:2      | Slain by a gnoll

Skill      XL: |  1  2  3 |
---------------+----------+-----
Spellcasting   | 4 |  4.0
Dodging        | |  2.8
Stealth        | |  2.6
Summonings     | |  4.9

Action                   || total
-------------------------++-------
Melee: Dagger            ||    82
 Cast: Summon Small Mamm ||    27
       Call Imp          ||     8
 Stab: Sleeping          ||     5
  Eat: Meat ration       ||     1
       Chunk             ||     2
Armor: Robe              ||    21
Dodge: Dodged            ||    74
